 Dungeon Crawl Stone Soup version 0.22.1-1-ga44c0e56f4 (webtiles) character file.

2595 Anathary the Carver (level 9, -3/81 HPs)
             Began as a Minotaur Monk on Oct 21, 2018.
             Was a High Priest of Cheibriados.
             Slain by an iguana (14 damage)
             ... on level 7 of the Dungeon.
             The game lasted 00:25:52 (6110 turns).

Anathary the Carver (Minotaur Monk)                 Turns: 6110, Time: 00:25:53

Health: -3/81      AC:  3    Str: 29    XL:     9   Next: 33%
Magic:  8/8        EV: 22    Int: 19    God:    Cheibriados [*****.]
Gold:   250        SH:  0    Dex: 27    Spells: 8/8 levels left

rFire    . . .     SeeInvis .   a - +0 falchion
rCold    . . .     Gourm    .   (no shield)
rNeg     . . .     Faith    .   u - +0 leather armour
rPois    .         Spirit   .   (helmet restricted)
rElec    .         Reflect  .   (no cloak)
rCorr    .         Harm     .   (no gloves)
MR       .....                  (no boots)
Stlth    ++........             c - amulet of regeneration
HPRegen  0.63/turn              j - +3 ring of evasion
MPRegen  0.11/turn              (no ring)

@: very slow
A: retaliatory headbutt, horns 2
a: Bend Time, Temporal Distortion, Slouch, Step From Time, Renounce Religion


You were on level 7 of the Dungeon.
You worshipped Cheibriados.
Cheibriados was extremely pleased with you.
You were not hungry.

You visited 1 branch of the dungeon, and saw 7 of its levels.

You collected 250 gold pieces.

Inventory:

Hand Weapons
 a - a +0 falchion (weapon)
Armour
 b - a +0 robe
 u - a +0 leather armour (worn)
Jewellery
 c - an amulet of regeneration (around neck)
 h - an uncursed ring of ice
 j - a +3 ring of evasion (left hand)
Wands
 m - a wand of enslavement (17)
 s - a wand of polymorph (8)
 v - a wand of iceblast (7)
Scrolls
 e - 5 scrolls of identify
 f - 2 scrolls of remove curse {unknown}
 g - 5 scrolls of immolation {unknown}
 n - 2 scrolls of enchant weapon {unknown}
 w - a scroll of amnesia {unknown}
 y - a scroll of enchant armour {unknown}
 B - 2 scrolls of noise {unknown}
Potions
 d - 4 potions of curing
 i - 2 potions of might {unknown}
 k - 3 potions of heal wounds {unknown}
 l - a potion of invisibility {unknown}
 p - a potion of mutation {unknown}
 q - 2 potions of resistance {unknown}
 r - a potion of agility {unknown}
 t - a potion of flight {unknown}
 x - a potion of degeneration {unknown}
 z - a potion of haste {unknown}
 A - a potion of magic {unknown}
Comestibles
 o - 10 rations


   Skills:
 + Level 7.9 Fighting
 + Level 10.8 Long Blades
 + Level 5.5 Armour
 + Level 6.9 Dodging
 - Level 1.5 Stealth


You had 8 spell levels left.
You didn't know any spells.
Your spell library contained the following spells:

 Spells                   Type           Power        Failure   Level  Hunger
 Summon Small Mammal      Summ           #...         22%         1    ##.....
 Call Imp                 Summ           #.......     34%         2    ###....
 Call Canine Familiar     Summ           #.......     56%         3    ####...
 Summon Guardian Golem    Hex/Summ       #.......     56%         3    ####...
 Summon Ice Beast         Ice/Summ       #.......     92%         4    #####..
 Summon Lightning Spire   Summ/Air       #.......     92%         4    #####..


Dungeon Overview and Level Annotations

Branches:
Dungeon (7/15)             Temple (0/1) D:7

Altars:
Cheibriados
Sif Muna
Uskayaw

Shops:
D:4 ?


Innate Abilities, Weirdness & Mutations

You reflexively headbutt those who attack you in melee.
You have a pair of horns on your head.


Message History

* * * LOW HITPOINT WARNING * * *
The electric eel shoots out a bolt of lightning at you!
The bolt of electricity hits the adder skeleton.
The adder skeleton is destroyed!
The bolt of electricity hits the electric eel.
The electric eel completely resists.
The bolt of electricity hits you!
* * * LOW HITPOINT WARNING * * *
You miss the electric eel. Your headbutt misses the electric eel.
The electric eel is severely wounded.
You miss the electric eel. You headbutt the electric eel.
You kill the electric eel!
Cheibriados appreciates the change of pace.
The iguana bites you.
* * * LOW HITPOINT WARNING * * *
The iguana misses you. The iguana misses you. You furiously retaliate!
You headbutt the iguana.
You riposte.
You hit the iguana but do no damage. You headbutt the iguana!
The iguana is severely wounded.
The iguana bites you!
You die...

# #.....##.######.#.######### #..
###.######.......................
....### #.######.#.#.###### ####
......# #.# ####.#..#.#### #
..###.# #.# #....>.###...#######
..###(####.###.###...#..#.##.....
........................#.##.####
≈≈≈≈.≈≈≈≈≈.≈≈≈≈≈.≈≈≈≈≈..)....# #
###≈.≈###≈.≈###≈@≈###≈/.#)#..# #
# #≈.≈# #≈.≈# #≈l≈# #≈..#.#..####
###≈.≈###≈.≈###≈.≈###≈.##.#......
≈≈≈≈.≈≈≈≈≈.≈≈≈≈≈.≈≈≈≈≈...........
.............................##..
≈≈≈≈.≈≈≈≈≈.≈≈≈≈≈(≈≈≈≈≈..#.##.....
###≈.≈###≈.≈###≈.≈###≈....##.....
# #≈.≈# #≈.≈# #≈.≈# #≈.## #.....
# #≈.≈# #≈.≈# #≈.≈# .# #.##..


You could see an iguana.

Vanquished Creatures
  Pikel (D:6)
  Sigmund (D:2)
  Menkaure (D:4)
  Edmund (D:4)
  An orc warrior (D:7)
  A black bear (D:6)
  An ogre (D:7)
  A phantom (D:5)
  2 centaurs
  A bullfrog (D:6)
  A scorpion (D:7)
  6 electric eels (D:7)
  2 howler monkeys
  3 crimson imps
  2 hounds
  A bullfrog skeleton (D:4)
  2 orc priests
  Crazy Yiuf (D:5)
  A centaur skeleton (D:4)
  Jessica (D:3)
  3 worker ants
  Natasha (thrice) (D:4)
  An orc wizard (D:6)
  3 hound skeletons
  3 gnolls (D:3)
  6 adders
  2 shadow imps
  An adder zombie (D:5)
  2 adder skeletons (D:4)
  5 worms
  A dart slug (D:1)
  3 leopard geckos
  16 orcs
  A ball python (D:5)
  5 bats
  7 giant cockroaches
  10 goblins
  10 hobgoblins
  7 jackals
  2 quokkas
  6 frilled lizards
  A jackal skeleton (D:5)
  8 kobolds
  A quokka skeleton (D:6)
  10 rats
148 creatures vanquished.

Vanquished Creatures (others)
  2 slaves (D:6)
  An adder skeleton (D:7)
  2 orcs (D:6)
5 creatures vanquished.

Grand Total: 153 creatures vanquished

Notes
Turn   | Place    | Note
-------+----------+-------------------------------------------
     0 | D:1      | Anathary the Minotaur Monk began the quest for the Orb.
     0 | D:1      | Reached XP level 1. HP: 19/19 MP: 0/0
    80 | D:1      | Reached XP level 2. HP: 16/27 MP: 1/1
   407 | D:1      | Reached skill level 4 in Long Blades
   802 | D:1      | Found a snail-covered altar of Cheibriados.
   807 | D:1      | Became a worshipper of Cheibriados the Contemplative
   807 | D:1      | Reached * piety under Cheibriados
   807 | D:1      | Reached ** piety under Cheibriados
  1125 | D:2      | Reached XP level 3. HP: 27/33 MP: 2/2
  1447 | D:2      | Noticed Sigmund
  1456 | D:2      | Killed Sigmund
  1456 | D:2      | Reached skill level 5 in Fighting
  1456 | D:2      | Reached skill level 5 in Long Blades
  1456 | D:2      | Reached XP level 4. HP: 31/42 MP: 3/3
  1456 | D:2      | Reached XP level 5. HP: 36/48 MP: 4/4
  2178 | D:2      | Reached *** piety under Cheibriados
  2678 | D:3      | Reached XP level 6. HP: 55/56 MP: 5/5
  2707 | D:3      | Reached skill level 6 in Long Blades
  2710 | D:3      | Noticed Jessica
  2718 | D:3      | Killed Jessica
  2835 | D:3      | Reached **** piety under Cheibriados
  2881 | D:3      | Found a snail-covered altar of Cheibriados.
  3254 | D:4      | Reached skill level 5 in Dodging
  3325 | D:4      | Reached skill level 7 in Long Blades
  3339 | D:4      | Reached XP level 7. HP: 54/62 MP: 6/6
  3358 | D:4      | Found Fihito's Magic Scroll Shoppe.
  3364 | D:4      | Noticed Menkaure
  3384 | D:4      | Killed Menkaure
  3384 | D:4      | Noticed Natasha
  3389 | D:4      | Killed Natasha
  3536 | D:4      | Noticed Natasha
  3546 | D:4      | Killed Natasha
  3546 | D:4      | Reached skill level 8 in Long Blades
  3651 | D:4      | Noticed Natasha
  3659 | D:4      | Killed Natasha
  3713 | D:4      | Noticed Edmund
  3722 | D:4      | Killed Edmund
  3916 | D:5      | Entered Level 5 of the Dungeon
  3935 | D:5      | Found a hide-covered altar of Uskayaw.
  3938 | D:5      | Noticed a dagger
  3938 | D:5      | Noticed a dagger
  3941 | D:5      | Reached ***** piety under Cheibriados
  4011 | D:5      | Reached skill level 9 in Long Blades
  4011 | D:5      | Reached XP level 8. HP: 71/71 MP: 7/7
  4146 | D:5      | Found a deep blue altar of Sif Muna.
  4407 | D:5      | Found a runed door.
  4411 | D:5      | Noticed Crazy Yiuf
  4418 | D:5      | Killed Crazy Yiuf
  4832 | D:6      | Noticed Pikel
  4845 | D:6      | Killed Pikel
  4860 | D:6      | Reached skill level 10 in Long Blades
  5551 | D:6      | Reached XP level 9. HP: 79/79 MP: 8/8
  5778 | D:7      | Found a staircase to the Ecumenical Temple.
  5894 | D:7      | Reached skill level 5 in Armour
  5940 | D:7      | HP: 3/81 [electric eel/bolt of electricity (14)]
  6110 | D:7      | Slain by an iguana

Skill      XL: |  1  2  3  4  5  6  7  8  9 |
---------------+----------------------------+-----
Fighting       | 4 5 6 7 |  7.9
Long Blades    | 4 5 7 9 10 | 10.8
Dodging        | 4 5 6 |  6.9
Armour         | 4 5 |  5.5
Stealth        | |  1.5

Action                   |  1- 3 |  4- 6 |  7- 9 || total
-------------------------+-------+-------+-------++-------
Melee: Falchion          |    57 |    99 |   112 ||   268
       Headbutt          |    11 |    28 |    54 ||    93
  Use: Scroll            |       |       |     3 ||     3
       Potion            |       |       |     1 ||     1
 Stab: Sleeping          |     1 |     7 |     8 ||    16
       Distracted        |       |       |     1 ||     1
  Eat: Ration            |     1 |       |     2 ||     3
Armor: Robe              |    12 |    11 |       ||    23
       Leather armour    |       |       |     7 ||     7
Dodge: Dodged            |    36 |    87 |   100 ||   223
       Rpst.: Falchion   |     6 |    16 |    19 ||    41
